 Dungeon Crawl Stone Soup version 0.29.1-15-g9cfb28693d (webtiles) character file.

Game seed: 16379861788494317240

959 Arctor the Digger (level 8, -17/46 HPs)
             Began as a Gargoyle Earth Elementalist on Feb 24, 2023.
             Killed from afar by Pikel (19 damage)
             ... with a bolt of dispelling energy
             ... on level 5 of the Dungeon.
             The game lasted 00:08:03 (5780 turns).

Arctor the Digger (Gargoyle Earth Elementalist)     Turns: 5780, Time: 00:08:04

Health: -17/46     AC:  8    Str: 12    XL:     8   Next: 14%
Magic:  0/14       EV: 12    Int: 18    God:
Gold:   189        SH:  0    Dex: 10    Spells: 7/15 levels left

rFire   . . .      SeeInvis .   (no weapon)
rCold   . . .      Faith    .   (no shield)
rNeg    + . .      Spirit   .   a - +1 robe
rPois   ∞          Reflect  .   (no helmet)
rElec   +          Harm     +   d - scarf {harm}
rCorr   .          Rampage  .   (no gloves)
Will    .....      Clarity  +   (no boots)
Stlth   +++.......              (no amulet)
HPRegen 0.15/turn               (no ring)
MPRegen 0.14/turn               (no ring)

@: no status effects
A: sickness immunity, AC +5, negative energy resistance 1, electricity
resistance, torment resistance 1, petrification resistance, clarity
a: no special abilities


You were on level 5 of the Dungeon.
You visited 1 branch of the dungeon, and saw 5 of its levels.
You also visited: Ossuary.

You collected 189 gold pieces.

Inventory:

Armour
 a - a +1 robe (worn)
 d - a scarf of harm (worn)
Jewellery
 q - a +6 ring of dexterity
 t - a ring of ice
Wands
 l - a wand of paralysis (6)
 n - a wand of polymorph (17)
Scrolls
 f - 3 scrolls of teleportation
 g - 2 scrolls of identify
 h - 3 scrolls of enchant armour
 o - a scroll of enchant weapon
 r - a scroll of fear {unknown}
 s - a scroll of blinking {unknown}
Potions
 b - a potion of magic
 c - 2 potions of cancellation
 e - 3 potions of brilliance
 i - a potion of degeneration
 j - 4 potions of curing
 k - a potion of flight
 m - a potion of lignification
 p - a potion of invisibility {unknown}


   Skills:
 - Level 3.0 Fighting
 + Level 3.6 Dodging
 + Level 5.0 Stealth
 + Level 4.0 Spellcasting
 + Level 2.8 Conjurations
 + Level 1.7 Transmutations
 + Level 5.8 Earth Magic


You had 7 spell levels left.
You knew the following spells:

 Your Spells              Type           Power      Damage    Failure   Level
a - Sandblast             Erth           48%        2d12      1%          1
b - Stone Arrow           Conj/Erth      38%        3d9       8%          3
c - Petrify               Tmut/Erth      17%        N/A       30%         4

Your spell library contained the following spells:

 Spells                   Type           Power      Damage    Failure   Level
 Magic Dart               Conj           52%        1d5       4%          1
 Passwall                 Tmut/Erth      14%        N/A       4%          2
 Searing Ray              Conj           26%        2d5       7%          2
 Ensorcelled Hibernation  Hex/Ice        6%         N/A       22%         2
 Summon Guardian Golem    Hex/Summ       3%         N/A       41%         3
 Swiftness                Air            3%         N/A       41%         3
 Tukima's Dance           Hex            3%         N/A       41%         3
 Fulminant Prism          Conj/Hex       4%         3d6       63%         4
 Passage of Golubria      Tloc           3%         N/A       82%         4
 Yara's Violent Unravell  Hex/Tmut       3%         3d4       96%         5
 Orb of Destruction       Conj           6%         9d6       100%        7
 Spellforged Servitor     Conj/Summ      4%         N/A       100%        7


Dungeon Overview and Level Annotations

Branches:
Dungeon (5/15)            Ossuary (visited)
 Temple: D:4-7

Altars:
Cheibriados
Elyvilon
Nemelex Xobeh
Ru
Xom
Yredelemnul

Shops:
D:1 =

Annotations:
D:5 Blork the orc, Grinder, Pikel


Innate Abilities, Weirdness & Mutations

You are immune to sickness and miasma.
Your stone body is resilient. (AC +5)
You are immune to poison.
You resist negative energy. (rN+)
You are resistant to electric shocks. (rElec)
You are resistant to unholy torment.
You are immune to petrification.
You possess an exceptional clarity of mind.


Message History

Aim: Pikel, wielding a +2 whip of flaming, wearing a +0 robe and carrying a wand of quicksilver (11) (severely wounded, 79% to hit)
The blast of sand hits Pikel!
Pikel is almost dead.
Pikel closely misses you.
Blork the orc sings a few bars from the Orcish anthem.
Pikel hits you with a +2 whip of flaming.
Pikel burns you.
Blork the orc looks encouraged for a moment.
Casting: Sandblast (safe; 1% risk of failure)
Confirm with . or Enter, or press ? or * to list all spells.
Aiming: Sandblast (safe; 1% risk of failure)
Press: ? - help, Shift-Dir - straight line, f/p - Pikel
Aim: Pikel, wielding a +2 whip of flaming, wearing a +0 robe and carrying a wand of quicksilver (11) (almost dead, 79% to hit)
The blast of sand misses Pikel.
The blast of sand hits the lemure!
The lemure is heavily wounded.
Pikel hits you with a +2 whip of flaming.
Pikel burns you.
Blork the orc gestures wildly while chanting.
Blork the orc seems to speed up.
Casting: Sandblast (safe; 1% risk of failure)
Confirm with . or Enter, or press ? or * to list all spells.
You don't know that spell.
Pikel zaps a wand.
The bolt of dispelling energy misses you.
Blork the orc begins to cast a cantrip, but forgets the words!
Casting: Sandblast (safe; 1% risk of failure)
Confirm with . or Enter, or press ? or * to list all spells.
Aiming: Sandblast (safe; 1% risk of failure)
Press: ? - help, Shift-Dir - straight line, f/p - Pikel
Aim: Pikel, wielding a +2 whip of flaming, wearing a +0 robe and carrying a wand of quicksilver (10) (almost dead, 79% to hit)
The blast of sand hits Pikel but does no damage.
Pikel is almost dead.
Pikel barely misses you. Pikel attacks as you move away!
Pikel hits you with a +2 whip of flaming!
* * * LOW HITPOINT WARNING * * *
Pikel burns you.
* * * LOW HITPOINT WARNING * * *
Pikel zaps a wand.
The bolt of dispelling energy hits you!
You die...

..[##...##.# #. ..#)....##.## ##
..##_#......###### ############
..##.....#.......# #<..........
..###...##.......# ###.........
...###..##.......#######.##......
....###.##.......'........+......
#....#####.......#######5##......
#.....#..#......@.# #.##......
#.###......######.######.##......
#.# ####.........K5..............
#.# #.#.######o######.#.......
#.# ##.#.######.######.#.......
#.# #..#.#..........##.#.#.####
#.# #.##.#o####.###.##)#.#.#
#.#####.##.# #..........#.#.#
#........#.# #.#..#.......#.#


You could see Pikel, Blork the orc (fast) and a lemure.

Vanquished Creatures
  A water moccasin (D:5)
  2 ice beasts (D:5)
  3 lemures (D:5)
  5 water moccasin zombies (Ossuary)
  2 orc priests
  A hound (D:5)
  3 mummies
  7 gnolls
  6 adders
  A shadow imp (D:4)
  A white imp (D:5)
  5 adder zombies (Ossuary)
  A worm (D:3)
  2 dart slugs
  21 orcs
  6 ball pythons
  5 bats (D:1)
  3 endoplasms
  A giant cockroach (D:1)
  6 gnoll zombies (Ossuary)
  4 goblins
  4 hobgoblins
  4 quokkas
  4 frilled lizards
  2 hobgoblin zombies (Ossuary)
  5 kobolds
  6 kobold zombies (Ossuary)
  4 orc zombies (Ossuary)
  7 rats
122 creatures vanquished.

Notes
Turn   | Place    | Note
-------+----------+-------------------------------------------
     0 | D:1      | Arctor the Gargoyle Earth Elementalist began the quest for
                  | the Orb.
     0 | D:1      | Reached XP level 1. HP: 10/10 MP: 3/3
   214 | D:1      | Reached skill level 1 in Transmutations
   214 | D:1      | Reached XP level 2. HP: 15/15 MP: 1/5
   264 | D:1      | Found Anwural's Jewellery Shop.
   401 | D:1      | Found a faded altar of an unknown god.
   952 | D:2      | Reached XP level 3. HP: 17/19 MP: 4/6
   956 | D:2      | Learned a level 3 spell: Stone Arrow
  1121 | D:2      | Reached XP level 4. HP: 19/24 MP: 5/7
  1129 | D:2      | Reached skill level 1 in Fighting
  1758 | D:2      | Learned a level 4 spell: Petrify
  2241 | D:3      | Found a sparkling altar of Nemelex Xobeh.
  2242 | D:3      | Found a basalt altar of Yredelemnul.
  2287 | D:3      | Reached XP level 5. HP: 20/29 MP: 3/9
  3241 | D:4      | Found a sand-covered staircase.
  3287 | Ossuary  | Entered an ossuary
  3314 | Ossuary  | Reached XP level 6. HP: 35/35 MP: 5/10
  3318 | Ossuary  | Reached skill level 1 in Conjurations
  3329 | Ossuary  | Reached skill level 5 in Earth Magic
  3568 | Ossuary  | Reached XP level 7. HP: 38/40 MP: 4/12
  4141 | D:4      | Gained mutation: You possess an exceptional clarity of
                  | mind. [potion of mutation]
  4568 | D:4      | Found a shimmering altar of Xom.
  4858 | D:4      | Found a snail-covered altar of Cheibriados.
  4862 | D:4      | Found a sacrificial altar of Ru.
  4953 | D:5      | Entered Level 5 of the Dungeon
  4971 | D:5      | Noticed Grinder
  4975 | D:5      | Paralysed by Grinder for 2 turns
  5451 | D:5      | Noticed Pikel
  5553 | D:5      | Found a white marble altar of Elyvilon.
  5559 | D:5      | Reached XP level 8. HP: 34/46 MP: 6/14
  5565 | D:5      | Reached skill level 5 in Stealth
  5770 | D:5      | Noticed Blork the orc
  5780 | D:5      | HP: 2/46 [Pikel/+2 whip of flaming (1)]
  5780 | D:5      | Killed from afar by Pikel

Illustrated notes

Levels and vault maps discovered:
D:1:      amcnicky_arrival_gap_in_the_tavern_cellar, layout_loops_cross,
          serial_shops, nicolae_shop_waterfront,
          hellmonk_ecumenical_altar_inner_sanctum
D:2:      layout_basic, mrwooster_statue_mirror
D:3:      layout_loops_cross, mainiacjoe_overflow_divided_tiny,
          hangedman_abyss_or_decor_lesser_grid
D:4:      layout_layer_cave, lemuel_doored_altar, minitemple,
          gup_ossuary_entry_pyramid, kennysheep_nondescript
D:5:      layout_basic, minmay_ruined_shrine, uniq_pikel, uniq_grinder,
          uniq_blork_the_orc

Skill      XL: |  1  2  3  4  5  6  7  8 |
---------------+-------------------------+-----
Transmutations | 1 |  1.7
Earth Magic    | 4 5 |  5.8
Dodging        | 2 3 |  3.6
Stealth        | 3 4 5 |  5.0
Fighting       | 1 2 3 |  3.0
Spellcasting   | 3 4 |  4.0
Conjurations   | 1 2 |  2.8

Action                   |  1- 3 |  4- 6 |  7- 9 || total
-------------------------+-------+-------+-------++-------
Melee: Unarmed           |     8 |    25 |    12 ||    45
       Punch             |       |     1 |       ||     1
 Cast: Sandblast         |    26 |    93 |    71 ||   190
       Stone Arrow       |       |       |    11 ||    11
  Use: Scroll            |       |     7 |     3 ||    10
       Potion            |       |     3 |     2 ||     5
 Stab: Sleeping          |       |       |     1 ||     1
Armor: Robe              |     6 |    44 |    13 ||    63
Dodge: Dodged            |    15 |    84 |    42 ||   141
